 Dungeon Crawl Stone Soup version 0.30-a0-883-g5ad918d77d (console) character file.

Game seed: 16567779584032178541

213382 jejorda2 the Impaler (level 18, -5/153 HPs)
             Began as a Merfolk Berserker on Mar 16, 2023.
             Was a High Priest of Trog.
             Killed from afar by Asterion (13 damage)
             ... with a bolt of fire
             ... on level 4 of the Spider Nest on Mar 17, 2023.
             The game lasted 01:50:22 (39664 turns).

jejorda2 the Impaler (Merfolk Berserker)           Turns: 39664, Time: 01:50:23

Health: -5/153     AC: 24    Str: 25    XL:     18   Next: 95%
Magic:  18/18      EV: 16    Int:  9    God:    Trog [*****.]
Gold:   2028       SH:  0    Dex: 16    Spells: 17/17 levels left

rFire   + . .      SeeInvis .    a - +9 glaive of Akud {flame, Str+2}
rCold   + . .      Faith    .    (shield currently unavailable)
rNeg    . . .      Spirit   .    X - +0 swamp dragon scales
rPois   +          Reflect  .    V - +2 helmet {Int+3}
rElec   .          Rampage  .    f - scarf {rC+ rF+}
rCorr   .                        m - +2 pair of gloves
Will    +....                    W - +2 pair of boots {Fly}
Stlth   +                        (no amulet)
HPRegen 0.45/turn                c - +4 ring of slaying
MPRegen 0.16/turn                Y - +4 ring of protection

@: on berserk cooldown, flying, slowed, studying Throwing, very slow
A: (nimble swimmer 2), mertail
}: 1/15 runes: decaying
a: Renounce Religion, Berserk, Trog's Hand, Brothers in Arms


You were on level 4 of the Spider Nest.
You worshipped Trog.
Trog was extremely pleased with you.
You visited 5 branches of the dungeon, and saw 30 of its levels.
You visited the Abyss 1 time.
You also visited: Ice Cave.

You collected 2927 gold pieces.
You spent 899 gold pieces at shops.

Inventory:

Hand Weapons
 a - the +9 glaive of Akud (weapon) {flame, Str+2}
   (Trog gifted it to you on level 2 of the Orcish Mines)

   Str:       It affects your strength (+2).
 b - a +1 battleaxe of freezing
Missiles
 h - 14 poisoned darts (quivered)
 i - 16 javelins
 l - 4 boomerangs of dispersal
 o - 3 boomerangs
 t - 3 silver boomerangs
 u - 4 atropa-tipped darts
 K - 5 throwing nets
 U - 2 curare-tipped darts
Armour
 f - a scarf of resistance (worn)
 m - a +2 pair of gloves (worn)
 V - a +2 helmet of intelligence (worn)
 W - a +2 pair of boots of flying (worn)
 X - +0 swamp dragon scales (worn)
Jewellery
 c - a +4 ring of slaying (left hand)
 d - a ring of protection from fire
 C - a +5 ring of evasion
 Y - a +4 ring of protection (right hand)
Wands
 D - a wand of polymorph (10)
 F - a wand of digging (20)
 G - a wand of charming (14)
 I - a wand of roots (16)
 N - a wand of flame (40)
 Q - a wand of mindburst (17)
 T - a wand of acid (15)
Scrolls
 e - 4 scrolls of fear
 j - 5 scrolls of immolation
 p - 8 scrolls of poison
 r - 5 scrolls of fog
 s - 13 scrolls of teleportation
 w - a scroll of magic mapping
 y - 4 scrolls of summoning
 B - a scroll of blinking
 J - a scroll of enchant armour
 R - 3 scrolls of enchant weapon
Potions
 k - 6 potions of mutation
 n - 2 potions of cancellation
 q - 2 potions of might
 v - 4 potions of attraction
 x - 2 potions of invisibility
 z - 13 potions of curing
 A - 3 potions of ambrosia
 E - 2 potions of haste
 H - 4 potions of lignification
 L - 2 potions of flight
 M - 4 potions of berserk rage
 P - 3 potions of resistance
Miscellaneous
 g - a phial of floods
 S - a lightning rod (4/4)


   Skills:
 - Level 16.4 Fighting
 * Level 14.3(16.3) Axes
 - Level 19.7(23.4) Polearms
 - Level 16.0 Throwing
 + Level 10.6 Armour
 - Level 9.0 Dodging
 - Level 6.0 Evocations


You had 17 spell levels left.
You didn't know any spells.
Your spell library was empty.

Dungeon Overview and Level Annotations

Branches:
Dungeon (15/15)            Temple (0/1) D:7            Lair (5/5) D:11
  Swamp (4/4) Lair:3       Spider (4/4) Lair:3        Slime (0/5) Lair:4
    Orc (2/2) D:10            Elf (0/3) Orc:2        Vaults (0/5) D:13
 Depths (0/4) D:15          IceCv (visited)

Altars:
Ashenzari
Gozag
Hepliaklqana
Kikubaaqudgha
Makhleb
Nemelex Xobeh
Ru
The Shining One
Jiyva
Lugonu

Shops:
D:3 :   D:5 *   D:6 *   Orc:2 *[(:(

Portals:
Abyss: D:4

Annotations:
D:4 2 transporters, valliere's ghost, amateur DgSu
Lair:4 3 runed translucent doors, Icosk's ghost, journeyman MeRe
Spider:4 Asterion
Orc:1 1 runed translucent door, AverageBear's ghost, journeyman OpFi


Innate Abilities, Weirdness & Mutations

((You are very nimble when in or above water. (Stealth+, EV+, Speed+++)))
Your lower body shifts to a powerful aquatic tail in water.


Message History

Asterion is heavily wounded.
Asterion says, "Soon your soul will belong to Makhleb."
Asterion misses you. Asterion gores you but does no damage.
You slash Asterion! You burn Asterion.
Asterion is heavily wounded.
Asterion hits you with a +0 vampiric demon blade.
* * * LOW HITPOINT WARNING * * *
Asterion gores you!
* * * LOW HITPOINT WARNING * * *
You slice Asterion!! You burn Asterion.
Asterion is severely wounded.
You are no longer berserk.
You are exhausted.
You feel yourself slow down. Asterion barely misses you.
Asterion gores you but does no damage.
Throw: 6 throwing nets
Press: ? - help, Shift-Dir - straight line, f - Asterion
Aim: Asterion, wielding a +0 vampiric demon blade, wearing a +4 ring mail of fire resistance and wearing a +0 kite shield (severely wounded, fast, 93% to hit)
You throw a throwing net.
Asterion blocks the throwing net.
Asterion misses you. Asterion gores you.
* * * LOW HITPOINT WARNING * * *
Okay, then.
Unknown command.
Press: ? - help, v - describe, . - travel, g - get item
Here: Asterion, wielding a +0 vampiric demon blade, wearing a +4 ring mail of fire resistance and wearing a +0 kite shield (severely wounded, fast) Item here: a throwing net.
The floor, spattered with blood.
Unknown command.
Unknown command.
Blink to where?
Press: ? - help, Dir - move target, p - Asterion
As you read the scroll of blinking, it crumbles to dust.
Your deep troll goes berserk!
Asterion utters an invocation to Makhleb.
Asterion conjures a destructive force in the name of Makhleb!
The bolt of lightning hits you.
* * * LOW HITPOINT WARNING * * *
Asterion conjures a destructive force in the name of Makhleb!
The bolt of fire hits you! You resist.
You die...

#........(...(.............
#.^....(.(.........[..°°.(.
#..^.....(^...s#...B(((..
####..†H.######..##....##
#.......T....## ..##
......###.#^(..## s#
.....#.......(.## (.
.......#.......# #.
.............†@##
.....#..........##
.....#...........###
#......##.†..<# ...#####....^..#
#### ..##.........†.# #
#..#####..)...#....... ## #
#.........(...#.........##..^ ##
#.............#...#.........###.


You could see Asterion (fast, ally target) and a friendly deep troll (summoned,
berserk).

Vanquished Creatures
  A shard shrike (IceCv)
  Jorgrun (D:13)
  A tentacled monstrosity (Swamp:4)
  2 thorn hunters
  A fenstrider witch (Swamp:4)
  Roxanne (D:14)
  Donald (Spider:4)
  5 emperor scorpions
  2 ghost moths
  A stone giant (Orc:2)
  A broodmother (Spider:4)
  2 very ugly things (D:15)
  Azrael (D:14)
  A white draconian (IceCv)
  5 bunyips
  An eleionoma (Swamp:1)
  3 ettins (Orc:2)
  A shambling mangrove (Swamp:2)
  6 entropy weavers
  Snorg (Lair:4)
  Josephine (D:11)
  2 ice dragons
  18 hydras
  Harold (D:11)
  A spriggan air mage (Swamp:1)
  A ghost crab (Swamp:4)
  Erica (Lair:2)
  An ironbound frostheart (IceCv)
  2 rakshasas
  4 centaur warriors
  2 jorogumos
  A catoblepas (D:13)
  5 boulder beetles
  6 two-headed ogres
  13 alligators
  2 dancing weapons (D:13)
  A radroach (Spider:4)
  4 death yaks (Lair:5)
  A spriggan berserker (Swamp:2)
  11 spriggans
  Sonja (Orc:1)
  Urug (Orc:2)
  A deep elf knight (Swamp:2)
  6 pharaoh ants
  4 goliath frogs
  2 skysharks
  A glowing orange brain (D:15)
  7 swamp dragons
  2 sun moths
  8 spriggan druids
  10 skeletal warriors
  An orange crystal statue (IceCv)
  7 orb spiders
  5 bog bodies
  A steelbarb worm (shapeshifter) (D:14)
  4 deep elf pyromancers
  A lindwurm (shapeshifter) (D:10)
  13 wolf spiders
  An orc knight (D:12)
  A wizard (D:10)
  8 steelbarb worms
  14 cyclopes
  21 ugly things
  6 manticores
  2 moths of wrath (Spider:4)
  2 orc sorcerers
  3 will-o-the-wisps
  6 elephants
  A guardian serpent (Lair:5)
  6 black mambas
  6 demonic crawlers
  19 cane toads
  4 torpor snails
  An unseen horror (D:12)
  A gargoyle (D:12)
  Maggie (D:10)
  2 efreet
  A yaktaur (shapeshifter) (D:15)
  4 kobold demonologists
  16 rime drakes
  15 komodo dragons
  6 meliai
  8 trolls
  A meliai (shapeshifter) (D:14)
  19 tarantellas
  8 tyrant leeches
  13 hornets
  21 polar bears
  A blink frog (shapeshifter) (D:15)
  7 dream sheep (Lair:5)
  29 jumping spiders
  3 blink frogs
  Sigmund (D:3)
  4 slime creatures
  A centaur simulacrum (D:14)
  19 wyverns
  13 culicivoras
  A vampire (D:13)
  2 water elementals (D:15)
  2 shadows
  2 basilisks
  5 wraiths
  2 fire elementals
  16 vampire mosquitoes
  45 yaks
  41 redbacks
  Menkaure (D:6)
  2 steam dragons
  3 wargs
  5 acid dragons
  14 swamp worms
  29 water moccasins
  3 hell hounds (D:14)
  Duvessa (D:7)
  A black bear (Lair:4)
  9 swamp drakes (Swamp:4)
  13 orc warriors
  An ice beast (D:8)
  2 sky beasts
  5 wolves
  5 ogres
  16 centaurs
  A phantom (D:4)
  Blork the orc (D:5)
  3 kobold brigands
  3 gnoll sergeants
  16 bullfrogs
  7 scorpions
  Dowan (D:7)
  6 howler monkeys
  2 electric eels
  A hound (D:5)
  16 orc priests
  A gnoll bouda (D:10)
  4 iguanas
  17 orc wizards
  13 hell rats (Lair:1)
  Robin (D:4)
  18 gnolls
  17 river rats (Lair:1)
  5 adders
  3 shadow imps
  2 ufetubi (D:6)
  5 dart slugs
  62 orcs
  5 endoplasms
  3 giant cockroaches
  16 goblins
  12 hobgoblins
  6 jackals (D:1)
  5 quokkas
  8 ball pythons
  4 bats
  4 frilled lizards
  15 kobolds
  19 rats
  7 briar patches (Swamp:1)
1021 creatures vanquished.

Vanquished Creatures (collateral kills)
  An entropy weaver (Spider:1)
  2 alligators (Swamp:3)
  A swamp dragon (Swamp:3)
  An ugly thing (D:10)
  A blink frog (Lair:5)
  A hornet (D:10)
  A yak (Lair:5)
  3 redbacks (Spider:1)
  An orc warrior (Orc:1)
  An ogre (Orc:1)
  A centaur (D:10)
  3 orcs (Orc:1)
17 creatures vanquished.

Vanquished Creatures (others)
  A pharaoh ant (Spider:4)
  A bloated husk (Swamp:4)
  A jumping spider (Spider:4)
  4 demonic plants (D:14)
  10 foxfires
  30 fungi
  55 plants
102 creatures vanquished.

Grand Total: 1140 creatures vanquished

Notes
Turn   | Place    | Note
-------+----------+-------------------------------------------
     0 | D:1      | jejorda2 the Merfolk Berserker began the quest for the Orb.
     0 | D:1      | Reached XP level 1. HP: 18/18 MP: 1/1
    83 | D:1      | Reached XP level 2. HP: 21/24 MP: 2/2
   440 | D:1      | Reached XP level 3. HP: 26/29 MP: 3/3
   507 | D:1      | Reached ** piety under Trog
   905 | D:1      | Reached skill level 5 in Polearms
  1322 | D:2      | Reached XP level 4. HP: 37/37 MP: 4/4
  1690 | D:2      | Reached XP level 5. HP: 35/42 MP: 5/5
  1738 | D:2      | Reached skill level 6 in Polearms
  2071 | D:3      | Identified the +10 spear of Revolt {flame, Will+ Int+3}
  2354 | D:3      | Found Asoneum's Book Boutique.
  2677 | D:3      | Found a faded altar of an unknown god.
  2829 | D:3      | Noticed Sigmund
  2842 | D:3      | Killed Sigmund
  2843 | D:3      | Reached skill level 7 in Polearms
  2843 | D:3      | Reached XP level 6. HP: 45/50 MP: 6/6
  2889 | D:4      | Reached skill level 5 in Fighting
  2889 | D:4      | Reached XP level 7. HP: 56/56 MP: 7/7
  2999 | D:4      | Found a transporter.
  2999 | D:4      | Found a transporter.
  3005 | D:4      | Noticed a small abomination
  3045 | D:4      | Found a one-way gate to the infinite horrors of the Abyss.
  3111 | D:4      | Noticed Robin
  3113 | D:4      | Killed Robin
  3134 | D:4      | Reached skill level 8 in Polearms
  3135 | D:4      | Reached *** piety under Trog
  3172 | D:4      | Noticed valliere's ghost (amateur DgSu)
  3612 | D:5      | Entered Level 5 of the Dungeon
  3730 | D:5      | Reached skill level 9 in Polearms
  3731 | D:5      | Reached XP level 8. HP: 51/64 MP: 8/8
  3779 | D:5      | Found Oleoh's Assorted Antiques.
  3802 | D:5      | Bought a red potion for 26 gold pieces
  3802 | D:5      | Bought a scroll of teleportation for 87 gold pieces
  3802 | D:5      | Bought a scroll labelled KOFIEBUAFA for 29 gold pieces
  3911 | D:5      | Reached skill level 10 in Polearms
  3949 | D:5      | Noticed Blork the orc
  3954 | D:5      | Killed Blork the orc
  4325 | D:5      | Reached skill level 11 in Polearms
  4561 | D:6      | Found an opulent altar of Gozag.
  4578 | D:6      | Noticed a yak
  4578 | D:6      | Noticed a yak
  4579 | D:6      | Noticed a yak
  4579 | D:6      | Noticed a yak
  4587 | D:6      | Killed a yak
  4587 | D:6      | Noticed a yak
  4588 | D:6      | Reached XP level 9. HP: 69/69 MP: 9/9
  4593 | D:6      | Reached skill level 12 in Polearms
  4593 | D:6      | Reached skill level 5 in Armour
  4607 | D:6      | Reached skill level 13 in Polearms
  4760 | D:6      | Noticed a troll
  4765 | D:6      | Killed a troll
  4767 | D:6      | Reached **** piety under Trog
  4867 | D:6      | Noticed Menkaure
  4873 | D:6      | Killed Menkaure
  4961 | D:6      | Found Doon's Profane Products.
  4977 | D:6      | Bought a +0 demon trident for 150 gold pieces
  5404 | D:7      | Reached skill level 14 in Polearms
  5522 | D:7      | Found a staircase to the Ecumenical Temple.
  5601 | D:7      | Reached XP level 10. HP: 76/76 MP: 10/10
  5932 | D:7      | Found a burning altar of Makhleb.
  5964 | D:7      | Noticed Duvessa
  5971 | D:7      | Killed Duvessa
  5972 | D:7      | Reached skill level 1 in Throwing
  5972 | D:7      | Noticed Dowan
  5974 | D:7      | Killed Dowan
  5976 | D:7      | Found a sacrificial altar of Ru.
  6292 | D:8      | Reached skill level 15 in Polearms
  6613 | D:8      | Found a sparkling altar of Nemelex Xobeh.
  7010 | D:9      | Reached ***** piety under Trog
  7116 | D:9      | Found a hazy altar of Hepliaklqana.
  7613 | D:9      | Noticed a two-headed ogre
  7618 | D:9      | Killed a two-headed ogre
  7619 | D:9      | Reached XP level 11. HP: 87/87 MP: 11/11
  7737 | D:10     | Entered Level 10 of the Dungeon
  7851 | D:10     | Noticed Maggie
  7864 | D:10     | Killed Maggie
  7952 | D:10     | Noticed a two-headed ogre
  7964 | D:10     | Killed a two-headed ogre
  7965 | D:10     | Reached skill level 5 in Throwing
  8179 | D:10     | Noticed a salamander
  8186 | D:10     | Noticed a lindwurm
  8200 | D:10     | Killed a lindwurm
  8201 | D:10     | Noticed a wizard
  8201 | D:10     | Noticed a deep elf pyromancer
  8213 | Abyss:3  | Cast into level 3 of the Abyss (a wizard)
  8297 | D:10     | Escaped the Abyss
  8303 | D:10     | Killed a wizard
  8305 | D:10     | Noticed a brown ugly thing
  8314 | D:10     | Killed a brown ugly thing
  8315 | D:10     | Reached skill level 10 in Fighting
  8317 | D:10     | Reached skill level 16 in Polearms
  8324 | D:10     | Killed a deep elf pyromancer
  8328 | D:10     | Noticed a manticore
  8335 | D:10     | Killed a manticore
  8657 | D:10     | Noticed a two-headed ogre
  8667 | D:10     | Killed a two-headed ogre
  8667 | D:10     | Noticed a two-headed ogre
  8680 | D:10     | Killed a two-headed ogre
  8829 | D:10     | Found a staircase to the Orcish Mines.
  9066 | D:10     | Identified the +1 pair of boots "Ratacsegg" {Drain rCorr
                  | Str+3 Dex+3}
  9339 | D:10     | Reached XP level 12. HP: 84/100 MP: 12/12
  9550 | D:5      | Bought a glowing scale mail for 203 gold pieces
  9757 | D:11     | Found a staircase to the Lair.
  9763 | D:11     | Noticed Josephine
  9965 | D:11     | Noticed Harold
  9981 | D:11     | Killed Harold
 10018 | D:11     | Killed Josephine
 10019 | D:11     | Reached skill level 17 in Polearms
 11077 | Lair:1   | Entered Level 1 of the Lair of Beasts
 11086 | Lair:1   | Reached skill level 18 in Polearms
 11152 | Lair:1   | Reached skill level 1 in Evocations
 11264 | Lair:1   | Noticed an eight-headed hydra
 11271 | Lair:1   | Killed an eight-headed hydra
 11369 | Lair:1   | Reached XP level 13. HP: 108/108 MP: 13/13
 11771 | Lair:1   | Reached skill level 1 in Axes
 12891 | Lair:2   | Reached skill level 19 in Polearms
 13284 | Lair:2   | Noticed Erica
 13293 | Lair:2   | Killed Erica
 14326 | Lair:3   | Reached skill level 10 in Throwing
 14460 | Lair:3   | Found a staircase to the Swamp.
 14571 | Lair:3   | Found a hole to the Spider Nest.
 15221 | Lair:4   | Found a viscous altar of Jiyva.
 15221 | Lair:4   | Found a staircase to the Slime Pits.
 15565 | Lair:4   | Noticed Snorg
 15577 | Lair:4   | Killed Snorg
 15578 | Lair:4   | Reached skill level 5 in Evocations
 15886 | Lair:4   | Found a runed translucent gate.
 15892 | Lair:4   | Found a runed translucent gate.
 15892 | Lair:4   | Found a runed translucent gate.
 15895 | Lair:4   | Noticed Icosk's ghost (journeyman MeRe)
 16292 | Lair:5   | Entered Level 5 of the Lair of Beasts
 16311 | Lair:5   | Reached XP level 14. HP: 115/115 MP: 14/14
 16655 | Lair:5   | Reached skill level 5 in Axes
 16852 | Lair:5   | Paralysed by a hornet for 1 turns
 17594 | Lair:5   | Found a glowing golden altar of the Shining One.
 18814 | Lair:5   | Identified a scroll of acquirement
 18815 | Lair:5   | Acquired a manual of Throwing
 19307 | D:12     | Received a gift from Trog
 19979 | D:13     | Found a broken altar of Ashenzari.
 20250 | D:13     | Reached XP level 15. HP: 95/120 MP: 15/15
 20887 | D:13     | Found a gate to the Vaults.
 20958 | D:13     | Noticed Jorgrun
 20976 | D:13     | Killed Jorgrun
 21065 | D:14     | Identified Roxanne's Meditations on Silt
 21065 | D:14     | Noticed Roxanne
 21313 | D:14     | Found a corrupted altar of Lugonu.
 22403 | D:14     | Killed Roxanne
 22546 | D:15     | Entered Level 15 of the Dungeon
 22912 | D:15     | Noticed Azrael
 22920 | D:14     | Killed Azrael
 23208 | D:15     | Found an ancient bone altar of Kikubaaqudgha.
 24134 | D:15     | Reached skill level 15 in Throwing
 24370 | D:15     | Found a staircase to the Depths.
 24500 | Orc:1    | Entered Level 1 of the Orcish Mines
 24501 | Orc:1    | Noticed Sonja
 24520 | Orc:1    | Your ally Sonja died
 24894 | Orc:1    | Found a runed translucent door.
 24894 | Orc:1    | Noticed AverageBear's ghost (journeyman OpFi)
 25088 | Orc:2    | Entered Level 2 of the Orcish Mines
 25119 | Orc:2    | Found Kohuellino's Weapon Boutique.
 25193 | Orc:2    | Noticed Urug
 25206 | Orc:2    | Killed Urug
 25276 | Orc:2    | Reached XP level 16. HP: 127/127 MP: 16/16
 25303 | Orc:2    | Found Foenwoh's Book Shop.
 25567 | Orc:2    | Found Rixtogy's Antique Weapon Shop.
 26341 | Orc:2    | Identified the +9 glaive of Akud {flame, Str+2} (Trog
                  | gifted it to you on level 2 of the Orcish Mines)
 26341 | Orc:2    | Received a gift from Trog
 26374 | Orc:2    | Found Todih's General Store.
 26538 | Orc:2    | Found Jurghosu's Antique Armour Shoppe.
 26858 | Orc:2    | Found a staircase to the Elven Halls.
 27023 | Orc:2    | Bought a glowing helmet for 202 gold pieces
 27023 | Orc:2    | Bought a pair of embroidered boots for 202 gold pieces
 27158 | Swamp:1  | Entered Level 1 of the Swamp
 27478 | Swamp:1  | Noticed a thorn hunter
 27490 | Swamp:1  | Killed a thorn hunter
 29206 | Swamp:2  | Reached skill level 10 in Axes
 29426 | Swamp:2  | Reached skill level 10 in Armour
 30989 | Swamp:4  | Entered Level 4 of the Swamp
 31036 | Swamp:4  | Reached skill level 5 in Dodging
 31040 | Swamp:4  | Reached XP level 17. HP: 100/137 MP: 17/17
 31454 | Swamp:4  | Noticed a tentacled monstrosity
 31471 | Swamp:4  | Killed a tentacled monstrosity
 31954 | Swamp:4  | Received a gift from Trog
 32312 | Swamp:4  | Got a decaying rune of Zot
 32748 | Spider:1 | Entered Level 1 of the Spider Nest
 32895 | Spider:1 | Found a frozen archway.
 32918 | IceCv    | Entered an ice cave
 33343 | IceCv    | Reached skill level 15 in Fighting
 33399 | IceCv    | Noticed a shard shrike
 33405 | IceCv    | Killed a shard shrike
 33557 | IceCv    | Identified the +3 dagger of the Lair of Beasts {antimagic,
                  | rN++ Str+4 Int+2}
 33707 | IceCv    | Reached XP level 18. HP: 69/149 MP: 18/18
 37265 | Spider:3 | Reached ****** piety under Trog
 37851 | Spider:4 | Entered Level 4 of the Spider Nest
 38486 | Spider:4 | Noticed Donald
 38492 | Spider:4 | Killed Donald
 38639 | Spider:4 | Received a gift from Trog
 39639 | Spider:4 | Noticed Asterion
 39663 | Spider:4 | HP: 7/153 [Asterion/bolt of lightning (6)]
 39664 | Spider:4 | Killed from afar by Asterion

Illustrated notes

Levels and vault maps discovered:
D:1:      lemuel_arrival_hallway, layout_basic, serial_bayou_lagoon_a,
          minmay_cut_off
D:2:      layout_rooms, minmay_split_cup_small
D:3:      layout_loops_corners, serial_shops, nicolae_shop_trees,
          shapermc_ecumenical_altar_mp_ritualfount, uniq_sigmund
D:4:      layout_basic, gammafunk_ghost_abyssal_escape, uniq_robin
D:5:      layout_basic, serial_shops, nicolae_shop_hallway_stairs,
          uniq_blork_the_orc
D:6:      layout_loops_ring, nicolae_gozag_cash_rules_everything_around_me,
          nicolae_evil_shop, uniq_menkaure
D:7:      layout_loops_ring, mainiacjoe_overflow_alcove_2,
          overflow_temple_1_default, minmay_temple_entry_statues_pillars,
          serial_rivers, chequers_serial_rivers_large_a,
          chequers_serial_rivers_marsh, chequers_serial_rivers_micro_c,
          chequers_serial_rivers_small_b, chequers_serial_rivers_micro_c,
          uniq_duvessa
D:8:      layout_rooms, nemelex_diamond_rough_becter
D:9:      layout_basic, nicolae_overflow_crystal_walls
D:10:     minmay_slanted_spiral_squares, layout_irregular_city, orc_0_dummy,
          uniq_maggie
D:11:     layout_gridville, lair_entry_dummy, uniq_josephine, uniq_harold
D:12:     layout_loops_ring
D:13:     layout_loops_cross, erik_vaults_1, cheibrodos_ashenzari_chains,
          uniq_jorgrun
D:14:     kennysheep_kobold_lugonu_temple, layout_irregular_city,
          kennysheep_kite_vault, uniq_roxanne
D:15:     gammafunk_enter_depths_forms, layout_basic, serial_park_gazebo
          [serial_park_minivault_5x5_4], uniq_azrael
Lair:1:   lemuel_ratsnest, layout_small_grid, st_stairs_4,
          nicolae_lair_lil_pond, chequers_serial_rivers_marsh, minivault_25
Lair:2:   layout_cave_pods, grunt_megastairs_5, infiniplex_staircase_pool_2,
          uniq_erica
Lair:3:   layout_regular_city, minmay_swamp_entry_swarm,
          nicolae_spider_entry_orb_guardian, beast_lair_carwin_5,
          serial_bayou_shore_b
Lair:4:   layout_cave_pods, slime_entry_1, ebering_ghost_rock_garden,
          beast_lair_carwin_11, uniq_snorg
Lair:5:   hangedman_lair_tendril_chambers, layout_cave_pods, basic_altar
Swamp:1:  layout_basic_swamp, nicolae_swamp_treefoil, swamp_pool1
Swamp:2:  cheibrodos_swamp_heart_of_darkness, layout_falls_marsh,
          evilmike_swamp_ruin_rubble_2, swamp_pool3
Swamp:3:  layout_basic_swamp, evilmike_swamp_ruin_house_2, swamp_pool3
Swamp:4:  swamp, layout_basic_swamp, nicolae_swamp_well_well_well
Spider:1: layout_spider_delve, portal_ice_cave_entry_pillars_four,
          nicolae_spider_wall_of_niches, hangedman_spider_tarantella_strand
Spider:2: layout_cave_pods
Spider:3: layout_chambers, nicolae_spider_cling_halls
Spider:4: hellmonk_spider_rune_bug_friends, hellmonk_test_site, uniq_asterion,
          uniq_donald
Orc:1:    layout_caves, ebering_ghost_inner_flame, uniq_sonja
Orc:2:    grunt_orc_gardens, layout_caves, grunt_orc_garden, grunt_orc_garden,
          grunt_orc_garden, grunt_orc_garden, serial_shops, shop_fountains,
          uniq_urug

Skill      XL: |  1  2  3  4  5  6  7  8  9 10 11 12 13 14 15 16 17 18 |
---------------+-------------------------------------------------------+-----
Polearms       | 5 7 9 11 14 15 16 18 19 | 19.7
Armour         | 2 3 4 5 6 7 9 10 | 10.6
Fighting       | 4 5 6 8 11 12 13 15 16 | 16.4
Throwing       | 4 6 9 10 12 15 16 | 16.0
Evocations     | 2 5 6 |  6.0
Axes           | 4 7 9 10 12 14 | 14.3
Dodging        | 5 9 |  9.0

Action                     |  1- 3 |  4- 6 |  7- 9 | 10-12 | 13-15 | 16-18 || total
---------------------------+-------+-------+-------+-------+-------+-------++-------
  Melee: Spear             |   109 |    30 |   167 |       |       |       ||   306
         Tailslap          |     2 |       |       |       |     1 |       ||     3
         Halberd           |    10 |    93 |       |       |       |       ||   103
         Demon trident     |       |       |    52 |   465 |   300 |       ||   817
         Punch             |       |       |     2 |     5 |     1 |       ||     8
         Glaive            |       |       |       |       |   831 |  1108 ||  1939
         Battleaxe         |       |       |       |       |    48 |   128 ||   176
  Throw: Stone             |     8 |       |     5 |    32 |    62 |     5 ||   112
         Throwing net      |       |       |       |     2 |       |     1 ||     3
         Dart              |       |       |       |       |    25 |   132 ||   157
         Boomerang         |       |       |       |       |       |    10 ||    10
 Invoke: Berserk           |     4 |     3 |     4 |    15 |    24 |    20 ||    70
         Trog's Hand       |       |     4 |     1 |     8 |    14 |     5 ||    32
         Brothers in Arms  |       |       |       |     2 |     1 |     3 ||     6
  Evoke: Wand              |       |       |       |     1 |     3 |     2 ||     6
         Lightning rod     |       |       |       |       |       |     4 ||     4
    Use: Potion            |     2 |     2 |       |     4 |     1 |     1 ||    10
         Scroll            |       |       |       |    22 |     6 |    12 ||    40
   Stab: Distracted        |     2 |       |       |       |       |       ||     2
         Sleeping          |     2 |       |       |       |       |     2 ||     4
         Invisible         |       |     1 |       |       |     1 |       ||     2
         Held in net/web   |       |       |       |     3 |       |       ||     3
         Betrayed ally     |       |       |       |       |     1 |       ||     1
 Armour: Animal skin       |    12 |       |       |       |       |       ||    12
         Ring mail         |       |    25 |       |       |       |       ||    25
         Leather armour    |       |     4 |       |       |       |       ||     4
         Chain mail        |       |     3 |    47 |    17 |       |       ||    67
         Plate armour      |       |       |       |   109 |   449 |   115 ||   673
         Skin              |       |       |       |     7 |       |       ||     7
         Swamp dragon scal |       |       |       |       |       |   394 ||   394
         Scale mail        |       |       |       |       |       |     9 ||     9
  Dodge: Dodged            |    52 |    60 |    45 |   103 |   314 |   544 ||  1118

Table legend: (Time is in decaauts)
 A = Elapsed time spent in this place.
 B = Non-inter-level travel time spent in this place.
 C = Inter-level travel time spent in this place.
 D = Time resting spent in this place.
 E = Time spent auto-exploring this place.
 F = Levels seen in this place.
 G = Mean time per level.
                   A        B        C        D        E       F      G
               +--------+--------+--------+--------+--------+-----+--------+
         Total |  38791 |  36523 |   2268 |   7903 |  23017 |  32 | 1212.2 |
       Dungeon |  16468 |  15548 |    920 |   3158 |   9968 |  15 | 1097.9 |
          Lair |   7783 |   7337 |    446 |   1100 |   5219 |   5 | 1556.6 |
         Swamp |   5129 |   4900 |    229 |   1185 |   3058 |   4 | 1282.2 |
   Spider Nest |   5586 |   5036 |    550 |   1356 |   2880 |   4 | 1396.5 |
  Orcish Mines |   2527 |   2405 |    122 |    549 |   1466 |   2 | 1263.5 |
         Abyss |     96 |     96 |      0 |     56 |      0 |   1 |   96.0 |
      Ice Cave |   1199 |   1199 |      0 |    497 |    424 |   1 | 1199.0 |
               +--------+--------+--------+--------+--------+-----+--------+

Top non-repeatable levels by time:
Spider:3: 2710 daAuts
  Lair:5: 2291 daAuts
    D:14: 2009 daAuts
   Orc:2: 1749 daAuts
    D:10: 1697 daAuts
 Swamp:3: 1647 daAuts
Spider:1: 1469 daAuts
  Lair:4: 1463 daAuts
  Lair:3: 1426 daAuts
    D:11: 1370 daAuts
  Lair:2: 1350 daAuts
    D:15: 1284 daAuts
  Lair:1: 1251 daAuts
     D:1: 1237 daAuts
 Swamp:1: 1234 daAuts
